 Dungeon Sprint DCSS version 0.26.1-11-gd32895ea62 (webtiles) character file.

Game seed: 14938095578525029164

602 Zeld the Geomancer (level 7, -1/45 HPs)
             Began as a Gargoyle Earth Elementalist on June 12, 2021.
             Was a Priest of Sif Muna.
             Slain by a merfolk
             ... wielding a +0 trident
              (11 damage)
             ... in the Dungeon (Sprint V: "Ziggurat Sprint").
             The game lasted 00:02:48 (1289 turns).

Zeld the Geomancer (Gargoyle Earth Elementalist)    Turns: 1289, Time: 00:02:48

Health: -1/45      AC:  9    Str: 12    XL:     7   Next: 41%
Magic:  1/17       EV: 13    Int: 29    God:    Sif Muna [***...]
Gold:   0          SH:  4    Dex: 10    Spells: 5/20 levels left

rFire    . . .     SeeInvis .   (no weapon)
rCold    . . .     Faith    .   z - +0 buckler {AC+3}
rNeg     + . .     Spirit   .   c - +0 robe
rPois    ∞         Reflect  .   (no helmet)
rElec    +         Harm     .   (no cloak)
rCorr    .         Rampage  .   (no gloves)
Will     .....     NoTele   +   (no boots)
Stlth    +++.......             (no amulet)
HPRegen  0.15/turn              l - +6 ring of intelligence
MPRegen  0.15/turn              w - +6 ring of intelligence

@: no status effects
A: negative energy resistance 1, electricity resistance, unbreathing,
petrification resistance, miasma immunity, AC +4
a: Renounce Religion, Channel Magic, Forget Spell


You were in the Dungeon.
You worshipped Sif Muna.
Sif Muna was most pleased with you.
You visited 1 branch

Inventory:

Missiles
 b - 30 stones
Armour
 c - a +0 robe (worn)
 z - a +0 buckler of protection (worn)
Jewellery
 l - a +6 ring of intelligence (left hand)
 w - a +6 ring of intelligence (right hand)
Wands
 t - a wand of disintegration (7)
 u - a wand of iceblast (7)
 v - a wand of acid (7)
Scrolls
 i - 4 scrolls of blinking
 n - 4 scrolls of amnesia
 o - 7 scrolls of fog
 p - a scroll of holy word
 q - 5 scrolls of identify
 r - 5 scrolls of remove curse
 s - 2 scrolls of fear
Potions
 a - 2 potions of brilliance
 d - 10 potions of curing
 e - 9 potions of heal wounds
 f - 6 potions of haste
 g - 7 potions of magic
 h - 3 potions of berserk rage
 j - 2 potions of invisibility
 k - 4 potions of resistance
 m - 5 potions of might
Miscellaneous
 x - a lightning rod (4/4)
 y - a box of beasts


   Skills:
 + Level 5.7 Fighting
 + Level 4.9 Dodging
 - Level 5.0 Stealth
 + Level 2.2 Shields
 * Level 7.4 Spellcasting
 + Level 4.6 Conjurations
 - Level 2.0 Transmutations
 * Level 10.1 Earth Magic
 + Level 5.0 Invocations


You had 5 spell levels left.
You knew the following spells:

 Your Spells              Type           Power        Failure   Level
a - Sandblast             Erth           100%         1%          1
b - Passwall              Tmut/Erth      38%          1%          2
c - Stone Arrow           Conj/Erth      100%         1%          3
d - Petrify               Tmut/Erth      46%          4%          4
e - Lee's Rapid Deconstr  Erth           31%          2%          5

Your spell library contained the following spells:

 Spells                   Type           Power        Failure   Level
 Foxfire                  Conj/Fire      96%          2%          1
 Cause Fear               Hex            5%           52%         4
 Dragon Form              Tmut           11%          100%        7
 Chain Lightning          Conj/Air       12%          100%        8
 Lehudib's Crystal Spear  Conj/Erth      26%          100%        8
 Absolute Zero            Ice            5%           100%        9
 Dragon's Call            Summ           5%           100%        9
 Fire Storm               Conj/Fire      12%          100%        9


Dungeon Overview and Level Annotations

Branches:
Dungeon (1/1)

Altars:
Ashenzari
Cheibriados
Dithmenos
Elyvilon
Fedhas
Gozag
Hepliaklqana
Kikubaaqudgha
Makhleb
Nemelex Xobeh
Okawaru
Qazlal
Ru
Sif Muna
Trog
Uskayaw
Vehumet
Wu Jian
Xom
Yredelemnul
Zin
The Shining One
Beogh
Jiyva
Lugonu

Annotations:
D 1 transporter


Innate Abilities, Weirdness & Mutations

You are resistant to torment.
Your stone body is resilient. (AC +4)
You are immune to poison.
You resist negative energy. (rN+)
You are resistant to electric shocks. (rElec)
You can survive without breathing.
You are immune to petrification.
You are immune to miasma.


Message History

Confirm with . or Enter, or press ? or * to list all spells.
Aiming: Stone Arrow (safe; 1% risk of failure)
Press: ? - help, Shift-Dir - straight line, f/p - merfolk
Aim: a merfolk, wielding a +0 trident (moderately wounded, 28% to evade)
The stone arrow hits the merfolk!
The merfolk is severely wounded.
You block the merfolk's attack. The merfolk barely misses you.
The merfolk hits you from afar with a +0 trident!
Unknown command.
Casting: Stone Arrow (safe; 1% risk of failure)
Confirm with . or Enter, or press ? or * to list all spells.
You don't have enough magic to cast that spell.
Unknown command.
Okay, then.
You feel much better. The merfolk misses you.
The merfolk hits you from afar with a +0 trident!!
The merfolk hits you from afar with a +0 trident!
* * * LOW HITPOINT WARNING * * *
The merfolk hits you from afar with a +0 trident!
You die...

▓..©..▓..©..▓▓▓▓▓▓▓
▓▓▓▓▓▓▓▓▓▓▓▓▓▓▓▓▓▓▓
▓..8©8...▓..8©8...▓
▓...))...▓..|::...▓
▓...|....▓..=.!...▓
▓........▓...m....▓
▓........▓.mmmm...▓
▓.▓....▓.▓.▓....▓.▓
▓...©....▓...@....▓
▓▓▓▓▓▓▓▓▓▓▓▓▓▓▓▓▓▓▓


You could see 5 merfolk.

Vanquished Creatures
  An ancient zyme (D)
  A polar bear (D)
  A crimson imp (D)
  A quasit (D)
  2 orc wizards (D)
  An orc priest (D)
  An iron imp (D)
  2 shadow imps (D)
  An orc (D)
  A jackal simulacrum (D)
  A leopard gecko simulacrum (D)
13 creatures vanquished.

Notes
Turn   | Place    | Note
-------+----------+-------------------------------------------
     0 | D        | Zeld the Gargoyle Earth Elementalist began the quest for
                  | the Orb.
     0 | D        | Reached XP level 1. HP: 10/10 MP: 3/3
     0 | D        | Found a shimmering blue altar of Sif Muna.
     0 | D        | Found a bloodstained altar of Trog.
     0 | D        | Found a sacrificial altar of Ru.
     0 | D        | Found a stormy altar of Qazlal.
     0 | D        | Found an iron altar of Okawaru.
     0 | D        | Banished a spatial maelstrom
     1 | D        | Found a sparkling altar of Nemelex Xobeh.
     1 | D        | Found a blossoming altar of Fedhas.
     2 | D        | Found the +6 Majin-Bo {vamp, MP+6 Int+6}
     2 | D        | Found the +9 heavy crossbow "Sniper" {vorpal, Acc+∞ SInv}
     2 | D        | Found the +10 dark maul {vorpal}
     2 | D        | Found the +15 Maxwell's patent armour {-Cast -Tele rElec
                  | Will+ rCorr}
     2 | D        | Found the +18 shield of the Gong {rElec rN+ Will+ EV-5}
     2 | D        | Found the cursed +14 obsidian axe {vorpal, +Fly SInv
                  | *Curse}
     2 | D        | Found the +7 great mace "Firestarter" {inner flame, rF++}
     2 | D        | Found the +6 shillelagh "Devastator" {shatter}
     2 | D        | Found the +11 plutonium sword {*Contam Stlth-}
     2 | D        | Found the +8 lance "Wyrmbane" {slay drac, rPois rF+ rC+
                  | AC+3}
     2 | D        | Found the +9 sword of Zonguldrok {reap}
     2 | D        | Found the cursed +13 scythe of Curses {drain, *Curse}
     2 | D        | Found the +5 sword of Power {vorpal}
     2 | D        | Found the +7 mace of Variability {chain chaos}
     2 | D        | Found the +7 Singing Sword {vorpal, sonic wave}
     2 | D        | Found the +8 storm bow {elec, penet}
     3 | D        | Found a transporter.
     3 | D        | Found an ancient bone altar of Kikubaaqudgha.
     3 | D        | Found a viscous altar of Jiyva.
     3 | D        | Found a corrupted altar of Lugonu.
     3 | D        | Found a hazy altar of Hepliaklqana.
     3 | D        | Found a burning altar of Makhleb.
     3 | D        | Found an opulent altar of Gozag.
    12 | D        | Reached skill level 5 in Earth Magic
    12 | D        | Reached XP level 2. HP: 18/18 MP: 3/6
    28 | D        | Became a worshipper of Sif Muna the Loreminder
    78 | D        | Entered arena 2.
    78 | D        | Found a transporter.
    82 | D        | Reached skill level 6 in Earth Magic
    82 | D        | Reached skill level 1 in Invocations
    82 | D        | Reached XP level 3. HP: 21/22 MP: 6/8
    83 | D        | Reached XP level 4. HP: 27/28 MP: 6/10
    86 | D        | Learned a level 2 spell: Passwall
    90 | D        | Learned a level 3 spell: Stone Arrow
    95 | D        | Learned a level 4 spell: Petrify
   378 | D        | Entered arena 3.
   378 | D        | Noticed a polar bear
   378 | D        | Found a transporter.
   380 | D        | Reached * piety under Sif Muna
   381 | D        | Killed a polar bear
   382 | D        | Reached skill level 5 in Stealth
   382 | D        | Reached skill level 8 in Earth Magic
   382 | D        | Reached XP level 5. HP: 34/34 MP: 10/13
   382 | D        | Reached XP level 6. HP: 39/39 MP: 11/15
   456 | D        | Learned a level 5 spell: Lee's Rapid Deconstruction
   663 | D        | Entered arena 4.
   663 | D        | Found a transporter.
   664 | D        | Found the +12 glaive of Prune {vorpal}
   665 | D        | Reached ** piety under Sif Muna
   667 | D        | Reached skill level 9 in Earth Magic
   668 | D        | Reached skill level 5 in Fighting
  1066 | D        | Entered arena 5.
  1066 | D        | Noticed an ancient zyme
  1066 | D        | Found a transporter.
  1068 | D        | Reached *** piety under Sif Muna
  1069 | D        | Killed an ancient zyme
  1070 | D        | Reached skill level 10 in Earth Magic
  1070 | D        | Reached skill level 5 in Invocations
  1070 | D        | Reached XP level 7. HP: 45/45 MP: 15/17
  1284 | D        | Entered arena 6.
  1284 | D        | Noticed a merfolk
  1284 | D        | Noticed a merfolk
  1284 | D        | Noticed a merfolk
  1284 | D        | Noticed a merfolk
  1284 | D        | Noticed a merfolk
  1284 | D        | Found a transporter.
  1289 | D        | Slain by a merfolk

Illustrated notes

Levels and vault maps discovered:
D:        sprint_v [room_start, room_1, room_2, room_3, room_4, room_5, room_6,
          room_7, room_8, room_9, room_10, room_11, room_12, room_13, room_14,
          room_15, room_16, room_17, room_18, room_19, room_20, room_21,
          room_22, room_23, room_24, room_25, room_26, room_27]

Skill      XL: |  1  2  3  4  5  6 |
---------------+-------------------+-----
Fighting       | 2 3 4 5 |  5.7
Dodging        | 2 3 4 |  4.9
Stealth        | 3 4 5 |  5.0
Spellcasting   | 3 4 6 7 |  7.4
Transmutations | 2 |  2.0
Earth Magic    | 5 6 8 10 | 10.1
Invocations    | 1 3 5 |  5.0
Conjurations   | 3 4 |  4.6
Shields        | 2 |  2.2

Action                   |  1- 3 |  4- 6 |  7- 9 || total
-------------------------+-------+-------+-------++-------
 Cast: Stone Arrow       |       |     5 |     2 ||     7
       Lee's Rapid Decon |       |       |     2 ||     2
Evoke: Lightning rod     |     4 |     6 |       ||    10
  Use: Potion            |     1 |       |     1 ||     2
Armor: Robe              |     2 |     1 |     1 ||     4
Dodge: Dodged            |       |     2 |     3 ||     5
Block: Buckler           |       |       |     1 ||     1
